 Dungeon Crawl Stone Soup version 0.18.1-48-g4cf74bf (webtiles) character file.

86 Alarkh the Charmwright (level 4, -2/33 HPs)
             Began as a Mummy Skald on July 18, 2016.
             Was an Initiate of Okawaru.
             Killed from afar by Natasha (6 damage)
             ... with a magic dart
             ... on level 2 of the Dungeon.
             The game lasted 00:02:28 (1557 turns).

Alarkh the Charmwright (Mummy Skald)                Turns: 1557, Time: 00:02:29

Health: -2/33      AC:  6    Str: 15    XL:     4   Next: 26%
Magic:  5/7        EV: 11    Int: 12    God:    Okawaru [......]
Gold:   102        SH:  0    Dex: 11    Spells: 3 memorised, 2 levels left

rFire  x . .     SeeInvis .     a - +0 halberd
rCold  + . .     Gourm    .     b - +0 leather armour
rNeg   + + +     Faith    .     (shield currently unavailable)
rPois  ∞         Spirit   .     (no helmet)
rElec  .         Dismiss  .     k - +2 cloak {+Inv}
rCorr  .         Reflect  .     (no gloves)
SustAt .         Harm     .     (no boots)
MR     .....                    (no amulet)
Stlth  +.........               (no ring)
                                (no ring)

@: infused, not resistant to hostile enchantments, very unstealthy
A: no food or potions, fire vulnerability, cold resistance 1, negative energy
resistance 3, torment resistance, unbreathing
a: Renounce Religion, Evoke Invisibility


You were on level 2 of the Dungeon.
You worshipped Okawaru.
Okawaru was noncommittal.
You were not hungry.

You visited 1 branch of the dungeon, and saw 2 of its levels.

You collected 102 gold pieces.

Inventory:

Hand Weapons
 a - a +0 halberd (weapon)
 j - a +0 spear
Armour
 b - a +0 leather armour (worn)
 k - a +2 cloak of invisibility (worn)
Scrolls
 d - 3 scrolls of teleportation
 e - a scroll of amnesia {unknown}
 f - 3 scrolls of noise {unknown}
 g - 2 scrolls of blinking {unknown}
 h - 4 scrolls of identify {unknown}
 i - a scroll of magic mapping {unknown}
Books
 c - a book of Battle

   Spells                             Type                      Level
   a - Infusion                       Charms                       1
   b - Shroud of Golubria             Charms/Translocation         2
   c - Song of Slaying                Charms                       2
   d - Spectral Weapon                Hexes/Charms                 3
   e - Regeneration                   Charms/Necromancy            3


   Skills:
 - Level 2.0 Fighting
 * Level 2.9 Polearms
 - Level 0.7 Armour
 - Level 0.7 Dodging
 + Level 2.6 Spellcasting
 + Level 3.0 Charms


You had 2 spell levels left.
You knew the following spells:

 Your Spells              Type           Power        Failure   Level  Hunger
a - Infusion              Chrm           #...         12%         1    N/A
b - Shroud of Golubria    Chrm/Tloc      #.........   28%         2    N/A
c - Spectral Weapon       Hex/Chrm       #.......     56%         3    N/A

Dungeon Overview and Level Annotations

Branches:
Dungeon (2/15)

Altars:
Ashenzari
Cheibriados
Dithmenos
Okawaru
Sif Muna
Vehumet
Xom
The Shining One

Annotations:
D:2 Natasha


Innate Abilities, Weirdness & Mutations

You do not eat or drink.
Your flesh is vulnerable to fire.
You are immune to poison.
Your flesh is cold resistant.
You are immune to negative energy.
You are immune to unholy pain and torment.
You can survive without breathing.


Message History

The jackal barely misses you.
Natasha casts a spell.
The jackal bites you but does no damage.
You barely miss Natasha.
Natasha is severely wounded.
The jackal barely misses you. Natasha claws you. The jackal closely misses you.
The white imp barely misses you. Natasha barely misses you.
You closely miss Natasha.
Natasha is severely wounded.
The jackal bites you. The white imp barely misses you.
Natasha claws you but does no damage. The jackal bites you.
You barely miss Natasha.
Natasha is severely wounded.
The jackal bites you but does no damage.
The white imp gestures at you. The puff of frost hits you! You resist.
* * * LOW HITPOINT WARNING * * *
Natasha casts a spell at you. The magic dart hits you!
You die...

##..............#
#.........!...#.#
##.#######.#####..
###..# #..##
###...## ##..#
#...### ##.# .#
#.############ #.#
h# #.# #.......#
#5# .# ..#
#.......# #@## .#
### #.......# #hh#
.# # ###†#####
##K##.# # ##.#
#55..# # #..#
###..# #######.##
#..# ......#.##
#..# #####....#
#... ##...#...##
.#.#.


You could see Natasha, 3 white imps, a jackal and a kobold.

Vanquished Creatures
  3 gnolls (D:2)
  2 adders (D:2)
  A worm (D:2)
  2 dart slugs
  A giant gecko (D:1)
  2 bats
  3 giant cockroaches (D:1)
  A goblin (D:2)
  5 hobgoblins
  3 giant newts
  6 kobolds
  4 rats
33 creatures vanquished.

Notes
Turn   | Place    | Note
--------------------------------------------------------------
     0 | D:1      | Alarkh the Mummy Skald began the quest for the Orb.
     0 | D:1      | Reached XP level 1. HP: 16/16 MP: 3/3
   292 | D:1      | Reached XP level 2. HP: 22/22 MP: 0/5
   691 | D:2      | Reached XP level 3. HP: 27/27 MP: 1/6
   695 | D:2      | Learned a level 2 spell: Shroud of Golubria
   699 | D:2      | Learned a level 3 spell: Spectral Weapon
  1001 | D:2      | Found a deep blue altar of Sif Muna.
  1007 | D:2      | Found a glowing golden altar of the Shining One.
  1007 | D:2      | Found an iron altar of Okawaru.
  1007 | D:2      | Found a shattered altar of Ashenzari.
  1008 | D:2      | Found a snail-covered altar of Cheibriados.
  1011 | D:2      | Found a shimmering altar of Xom.
  1012 | D:2      | Found a shadowy altar of Dithmenos.
  1015 | D:2      | Became a worshipper of Warmaster Okawaru
  1091 | D:2      | Found a radiant altar of Vehumet.
  1104 | D:2      | Reached XP level 4. HP: 33/33 MP: 4/7
  1166 | D:2      | Noticed Natasha
  1485 | D:2      | Reached skill level 3 in Charms
  1557 | D:2      | Killed from afar by Natasha

Skill      XL: |  1  2  3  4 |
---------------+-------------+-----
Polearms       | 2 |  2.9
Charms         | 3 |  3.0
Fighting       | |  2.0
Armour         | |  0.7
Dodging        | |  0.7
Spellcasting   | |  2.6

Action                   |  1- 3 |  4- 6 || total
-------------------------+-------+-------++-------
Melee: Spear             |    97 |    15 ||   112
       Halberd           |       |    14 ||    14
 Cast: Infusion          |    19 |     4 ||    23
       Shroud of Golubri |     1 |     1 ||     2
  Use: Scroll            |       |     1 ||     1
Armor: Leather armour    |    18 |     8 ||    26
Dodge: Dodged            |    51 |    18 ||    69
